 Dungeon Crawl Stone Soup version 0.28.0-45-g0d030f2227 (webtiles) character file.

Game seed: 3019975228746588742

65 seaoflcl the Skirmisher (level 4, 0/36 HPs)
             Began as a Human Fighter on Apr 10, 2022.
             Was a Follower of Nemelex Xobeh.
             Slain by an orc wizard
             ... wielding a +3 dagger
              (4 damage)
             ... on level 3 of the Dungeon.
             The game lasted 00:04:07 (1984 turns).

seaoflcl the Skirmisher (Human Fighter)             Turns: 1984, Time: 00:04:09

Health: 0/36       AC:  6    Str: 18    XL:     4   Next: 35%
Magic:  4/4        EV:  3    Int:  9    God:    Nemelex Xobeh [*.....]
Gold:   104        SH: 12    Dex: 12    Spells: 3/3 levels left

rFire   . . .      SeeInvis .   k - +3 dagger
rCold   . . .      Faith    .   z - +0 tower shield
rNeg    . . .      Spirit   .   b - +0 scale mail
rPois   .          Reflect  .   (no helmet)
rElec   .          Harm     .   (no cloak)
rCorr   .          Rampage  .   (no gloves)
Will    .....                   (no boots)
Stlth   ..........              (no amulet)
HPRegen 0.12/turn               w - ring of wizardry
MPRegen 0.09/turn               (no ring)

@: constricted
A: no striking features
a: Renounce Religion, Draw Escape, Draw Destruction, Draw Summoning


You were on level 3 of the Dungeon.
You worshipped Nemelex Xobeh.
Nemelex Xobeh was aware of your devotion.
You visited 1 branch of the dungeon, and saw 3 of its levels.

You collected 104 gold pieces.

Inventory:

Hand Weapons
 a - a +0 long sword
 i - a +1 dagger of venom
 k - a +3 dagger (weapon)
Armour
 b - a +0 scale mail (worn)
 z - a +0 tower shield (worn)
Magical Staves
 f - a staff of fire
 x - a staff of air
Jewellery
 w - a ring of wizardry (left hand)
Scrolls
 e - a scroll of vulnerability {unknown}
 g - 6 scrolls of identify {unknown}
 l - a scroll of fear {unknown}
 m - a scroll of immolation {unknown}
 n - 2 scrolls of fog {unknown}
 q - a scroll of blinking {unknown}
 r - a scroll of teleportation {unknown}
 u - a scroll of enchant weapon {unknown}
 v - a scroll of summoning {unknown}
 y - 2 scrolls of noise {unknown}
Potions
 c - a potion of heal wounds {unknown}
 d - a potion of might
 h - a potion of degeneration {unknown}
 j - a potion of lignification {unknown}
 o - 2 potions of brilliance {unknown}
 p - 2 potions of curing {unknown}
 s - 2 potions of haste {unknown}
 t - a potion of attraction {unknown}


   Skills:
 + Level 3.6 Fighting
 + Level 0.3(1.4) Short Blades
 + Level 2.2(2.3) Long Blades
 + Level 3.3 Armour
 + Level 1.0 Dodging
 + Level 0.2 Stealth
 + Level 3.6 Shields


You had 3 spell levels left.
You didn't know any spells.
Your spell library contained the following spells:

 Spells                   Type           Power      Damage    Failure   Level
 Beastly Appendage        Tmut           0%         N/A       99%         1
 Wereblood                Tmut           0%         N/A       100%        2
 Gell's Gravitas          Tloc           0%         N/A       100%        3
 Spider Form              Tmut/Pois      0%         N/A       100%        3
 Teleport Other           Tloc           0%         N/A       100%        3
 Dispersal                Tloc           0%         N/A       100%        6


Dungeon Overview and Level Annotations

Branches:
Dungeon (3/15)

Altars:
Nemelex Xobeh

Annotations:
D:3 Natasha


Message History

The adder poisons you! You block the adder's attack.
You hit the adder.
The adder is moderately wounded.
You feel sick. The adder bites you.
You hit the adder.
The adder is heavily wounded.
You feel sick. The adder bites you.
You are more poisoned.
The adder poisons you! The adder bites you but does no damage.
You hit the adder.
The adder is almost dead.
You feel sick. You block the adder's attack.
The orc wizard gestures wildly while chanting.
The orc wizard flickers and vanishes!
Deactivating autopickup; reactivate with Ctrl-A.
You block the adder's attack.
You hit the adder.
The adder is almost dead.
You feel sick. You block the adder's attack. x2
You hit the adder.
You kill the adder!
You feel sick. Something hits you but does no damage.
Your Dodging skill increases to level 1!
You feel sick.
You hear some strange, mumbled words.
Something tries to affect you, but you resist.
You feel sick. You block something's attack.
You closely miss something.
You feel sick.
You are no longer poisoned.
You block something's attack.
You barely miss something.
You hit the ball python but do no damage.
The ball python is moderately wounded.
Something hits you.
* * * LOW HITPOINT WARNING * * *
The ball python bites you.
* * * LOW HITPOINT WARNING * * *
The ball python grabs you. The ball python constricts you. Something hits you.
You die...
Your body disappears without a glow.

#.#..### #...##..
####....#
###..^..###
#########...##...#
#..............#.#
.#......#######..#
###.###### #.#
#.@.# .# #S### .#


.§bo.boo# .# ..h##o### #.. #. #> # You could see 3 orcs, a bat and a ball
python.

Vanquished Creatures
  2 adders
  2 dart slugs
  5 endoplasms
  5 giant cockroaches
  2 goblins (D:1)
  3 hobgoblins
  5 quokkas
  3 ball pythons (D:1)
  4 bats
  3 frilled lizards
  2 kobolds (D:1)
  4 rats
40 creatures vanquished.

Notes
Turn   | Place    | Note
-------+----------+-------------------------------------------
     0 | D:1      | seaoflcl the Human Fighter began the quest for the Orb.
     0 | D:1      | Reached XP level 1. HP: 18/18 MP: 1/1
   158 | D:1      | Reached XP level 2. HP: 22/24 MP: 2/2
   629 | D:1      | Reached XP level 3. HP: 29/29 MP: 3/3
  1346 | D:2      | Reached XP level 4. HP: 26/35 MP: 4/4
  1389 | D:2      | Found a faded altar of an unknown god.
  1416 | D:2      | Prayed at the altar of an unknown god.
  1416 | D:2      | Became a worshipper of Nemelex Xobeh the Trickster
  1416 | D:2      | Reached * piety under Nemelex Xobeh
  1416 | D:2      | Received a gift from Nemelex Xobeh
  1963 | D:3      | Noticed Natasha
  1980 | D:3      | Reached skill level 1 in Dodging
  1984 | D:3      | Slain by an orc wizard

Illustrated notes

Levels and vault maps discovered:
D:1:      psy_arrival_whirlpool, layout_basic, minmay_ruptured
D:2:      layout_basic, ebering_ecumenical_altar_abandoned
D:3:      layout_rooms, uniq_natasha, uniq_ijyb

Skill      XL: |  1  2  3  4 |
---------------+-------------+-----
Dodging        | 1 |  1.0
Fighting       | |  3.6
Short Blades   | |  0.3
Long Blades    | |  2.2
Armour         | |  3.3
Stealth        | |  0.2
Shields        | |  3.6

Action                   |  1- 3 |  4- 6 || total
-------------------------+-------+-------++-------
Melee: Long sword        |    66 |       ||    66
       Dagger            |    48 |    41 ||    89
Armor: Scale mail        |    76 |    13 ||    89
Dodge: Dodged            |    46 |    11 ||    57
Block: Buckler           |    40 |     1 ||    41
       Tower shield      |       |    25 ||    25
